 Dungeon Crawl Stone Soup version 0.29.1-1-gd02db6906a (console) character file.

Game seed: 6610670911100023986

117 erker the Caller (level 4, 0/24 HPs)
             Began as a Deep Elf Summoner on Oct 15, 2022.
             Slain by a river rat (7 damage)
             ... on level 3 of the Dungeon.
             The game lasted 00:08:25 (2831 turns).

erker the Caller (Deep Elf Summoner)                Turns: 2831, Time: 00:08:26

Health: 0/24       AC:  2    Str:  5    XL:     4   Next: 71%
Magic:  0/12       EV: 12    Int: 22    God:
Gold:   66         SH:  0    Dex: 15    Spells: 5/12 levels left

rFire   . . .      SeeInvis .   g - +0 spear
rCold   . . .      Faith    .   (no shield)
rNeg    + . .      Spirit   .   a - +0 robe
rPois   .          Reflect  .   (no helmet)
rElec   .          Harm     .   (no cloak)
rCorr   .          Rampage  .   (no gloves)
Will    .....                   (no boots)
Stlth   ++........              f - amulet of the acrobat
HPRegen 0.08/turn               j - ring of positive energy
MPRegen 0.13/turn               (no ring)

@: no status effects
A: no striking features
a: no special abilities


You were on level 3 of the Dungeon.
You visited 1 branch of the dungeon, and saw 3 of its levels.

You collected 66 gold pieces.

Inventory:

Hand Weapons
 g - a +0 spear (weapon)
Armour
 a - a +0 robe (worn)
Jewellery
 f - an amulet of the acrobat (around neck)
 j - a ring of positive energy (left hand)
 k - a ring of ice
Scrolls
 c - a scroll of butterflies {unknown}
 d - a scroll of fear {unknown}
 h - a scroll of torment {unknown}
 l - a scroll of blinking {unknown}
 n - 2 scrolls of teleportation {unknown}
 o - a scroll of enchant weapon {unknown}
Potions
 b - a potion of magic
 e - a potion of haste {unknown}
 i - a potion of resistance {unknown}
 m - a potion of mutation {unknown}
 p - a potion of attraction {unknown}


   Skills:
 - Level 2.4 Dodging
 - Level 2.4 Stealth
 + Level 4.5 Spellcasting
 * Level 6.1 Summonings


You had 5 spell levels left.
You knew the following spells:

 Your Spells              Type           Power      Damage    Failure   Level
a - Summon Small Mammal   Summ           100%       N/A       1%          1
g - Summon Guardian Gole  Hex/Summ       18%        N/A       9%          3
h - Call Canine Familiar  Summ           31%        N/A       2%          3

Your spell library contained the following spells:

 Spells                   Type           Power      Damage    Failure   Level
 Call Imp                 Summ           31%        N/A       1%          2
 Summon Lightning Spire   Summ/Air       18%        N/A       30%         4
 Conjure Flame            Conj/Fire      4%         6-21      32%         3
 Ignite Poison            Fire/Tmut/Pois 4%         N/A       32%         3
 Sticky Flame             Conj/Fire      4%         2d3       71%         4


Dungeon Overview and Level Annotations

Branches:
Dungeon (3/15)

Altars:
Okawaru
Xom


Message History

The river rat is heavily wounded.
Your hound bites the river rat.
The river rat bites your hound.
Your hound dies!
Your hound's corpse disappears in a puff of smoke!
The river rat bites you. The river rat completely misses you.
The river rat attacks as you move away! The river rat completely misses you.
You see here a river rat corpse.
The river rat bites you. The river rat attacks as you move away!
The river rat misses you. The river rat attacks as you move away!
The river rat misses you. The river rat attacks as you move away!
The river rat misses you.
The river rat twitches its whiskers.
The river rat attacks as you move away! The river rat completely misses you.
You hear the slow rusting of a drain very nearby.
The river rat attacks as you move away! The river rat completely misses you.
Casting: Call Canine Familiar (dangerous; 2% risk of failure)
Confirm with . or Enter, or press ? or * to list all spells.
The river rat bites your hound but does no damage.
The river rat bites you!
* * * LOW HITPOINT WARNING * * *
You hit the river rat.
The river rat is severely wounded.
The river rat bites your hound! The river rat barely misses you.
Your hound bites the river rat.
The river rat misses your hound. The river rat misses you.
You barely miss the river rat.
The river rat is severely wounded.
Your hound completely misses the river rat.
Your hound bites the river rat but does no damage.
The river rat bites your hound!
Your hound dies!
Your hound's corpse disappears in a puff of smoke!
The river rat barely misses you. The river rat attacks as you move away!
The river rat completely misses you.
Casting: Call Canine Familiar (dangerous; 2% risk of failure)
Confirm with . or Enter, or press ? or * to list all spells.
The river rat bites you but does no damage.
The river rat attacks as you move away! The river rat bites you!
You die...

#..~.~~~†~r..r...#
#.~~#~#~####†....#
#.~~~~~~~r~#..##.#
...########r#...#.#
.. #~~~r~~#...#r# .
#r#~####...#.#
#~#~~~S#<..#r# .
#~#r##~#...#r##....
#~#~~ #...@........
#r##~ #.<#.........
~~ ~# #..#h........
#~ ~# ####.........
## .......###
##.....# #######


You could see 2 river rats, a rat and a friendly hound (summoned).

Vanquished Creatures
  An adder (D:3)
  A dart slug (D:2)
  A ball python (D:2)
  3 bats
  An endoplasm (D:1)
  2 kobolds (D:2)
  A frilled lizard (D:2)
  A rat (D:2)
11 creatures vanquished.

Vanquished Creatures (collateral kills)
  An adder (D:2)
  4 river rats (D:3)
  A worm (D:2)
  A dart slug (D:1)
  2 ball pythons
  2 bats (D:1)
  5 giant cockroaches (D:1)
  7 goblins
  5 hobgoblins
  3 jackals (D:1)
  A kobold (D:2)
  2 quokkas
  3 frilled lizards
  4 rats
41 creatures vanquished.

Grand Total: 52 creatures vanquished

Notes
Turn   | Place    | Note
-------+----------+-------------------------------------------
     0 | D:1      | erker the Deep Elf Summoner began the quest for the Orb.
     0 | D:1      | Reached XP level 1. HP: 10/10 MP: 6/6
   239 | D:1      | Found a faded altar of an unknown god.
   261 | D:1      | Reached XP level 2. HP: 14/15 MP: 5/8
   527 | D:1      | Reached skill level 5 in Summonings
  1114 | D:1      | Reached XP level 3. HP: 10/19 MP: 8/10
  1614 | D:2      | Learned a level 3 spell: Call Canine Familiar
  1618 | D:2      | Learned a level 3 spell: Summon Guardian Golem
  1939 | D:2      | Found a shimmering altar of Xom.
  2558 | D:2      | Reached XP level 4. HP: 24/24 MP: 9/12
  2713 | D:3      | Found an iron altar of Okawaru.
  2750 | D:3      | Reached skill level 6 in Summonings
  2831 | D:3      | Slain by a river rat

Illustrated notes

Levels and vault maps discovered:
D:1:      nicolae_arrival_memento_mori, layout_loops_ring,
          hellmonk_ecumenical_altar_lost_god, grunt_decor_cap,
          grunt_decor_arrowhead, minmay_splitting_lines
D:2:      layout_rooms, basic_altar
D:3:      minmay_thinvault, layout_basic, mainiacjoe_overflow_alcove_2,
          mainiacjoe_overflow_24_doors, nicolae_ru_the_path_less_chosen,
          lightli_sewer_entry_pipes

Skill      XL: |  1  2  3  4 |
---------------+-------------+-----
Summonings     | 5 6 |  6.1
Spellcasting   | 4 |  4.5
Dodging        | |  2.4
Stealth        | |  2.4

Action                   |  1- 3 |  4- 6 || total
-------------------------+-------+-------++-------
Melee: Unarmed           |    11 |       ||    11
       Spear             |    63 |    17 ||    80
 Cast: Summon Small Mamm |    52 |     2 ||    54
       Call Canine Famil |     1 |     7 ||     8
       Summon Guardian G |     1 |     3 ||     4
 Stab: Sleeping          |     4 |       ||     4
       Distracted        |     1 |       ||     1
Armor: Robe              |    21 |     2 ||    23
Dodge: Dodged            |    56 |    16 ||    72
